 Dungeon Crawl Stone Soup version 0.23.2-11-gf996548c65 (webtiles) character file.

Game seed: 9610110582819128500

14 MalarOregon the Digger (level 2, -2/22 HPs)
             Began as a Ghoul Earth Elementalist on June 6, 2019.
             Slain by a frilled lizard (3 damage)
             ... on level 1 of the Dungeon.
             The game lasted 00:00:42 (283 turns).

MalarOregon the Digger (Ghoul Earth Elementalist)    Turns: 283, Time: 00:00:43

Health: -2/22      AC:  2    Str: 11    XL:     2   Next: 41%
Magic:  0/3        EV: 12    Int: 10    God:
Gold:   12         SH:  0    Dex:  9    Spells: 3/4 levels left

rFire    . . .     SeeInvis .   (no weapon)
rCold    + . .     Gourm    .   (no shield)
rNeg     + + +     Faith    .   c - +0 robe
rPois    ∞         Spirit   .   (no helmet)
rElec    .         Reflect  .   (no cloak)
rCorr    .         Harm     .   (no gloves)
MR       .....                  (no boots)
Stlth    ++........             (no amulet)
HPRegen  0.00/turn              (no ring)
MPRegen  0.08/turn              (no ring)

@: rotting
A: rotting body, claws 1, carnivore, cold resistance 1, negative energy
resistance 3, inhibited regeneration, torment resistance, unbreathing
a: no special abilities


You were on level 1 of the Dungeon.
You were not hungry.

You visited 1 branch of the dungeon, and saw 1 of its levels.

You collected 12 gold pieces.

Inventory:

Missiles
 b - 46 stones (quivered)
Armour
 c - a +0 robe (worn)
Jewellery
 h - a cursed ring of attention {unknown}
   (You found it on level 1 of the Dungeon)
Scrolls
 a - a scroll of enchant armour {unknown}
Potions
 d - a potion of flight {unknown}
 g - a potion of might {unknown}
 i - a potion of curing {unknown}
Comestibles
 e - 3 rations {!d}


   Skills:
 + Level 0.4 Fighting
 + Level 1.9 Dodging
 + Level 2.5 Stealth
 + Level 1.9 Spellcasting
   Level 0.8 Transmutations
 * Level 3.6 Earth Magic


You had 3 spell levels left.
You knew the following spells:

 Your Spells              Type           Power        Failure   Level  Hunger
a - Sandblast             Erth           #.....       7%          1    ##.....

Your spell library contained the following spells:

 Spells                   Type           Power        Failure   Level  Hunger
 Passwall                 Tmut/Erth      #.......     19%         2    ###....
 Stone Arrow              Conj/Erth      #.....       41%         3    ####...
 Petrify                  Tmut/Erth      #.......     77%         4    #####..
 Lee's Rapid Deconstruct  Erth           #.........   89%         5    ######.


Dungeon Overview and Level Annotations

Branches:
Dungeon (1/15)

Altars:


Innate Abilities, Weirdness & Mutations

Your body is rotting away.
You thrive on raw meat.
You are immune to poison.
You have sharp fingernails.
You are carnivorous and can eat meat at any time.
Your flesh is cold resistant. (rC+)
You are immune to negative energy. (rN+++)
You do not regenerate when monsters are visible.
You are immune to unholy pain and torment.
You can survive without breathing.


Message History

You scratch the goblin. The goblin closely misses you.
You barely miss the goblin. The goblin hits you but does no damage.
You scratch the goblin. The goblin barely misses you.
You scratch the goblin.
You kill the goblin!
The frilled lizard hisses angrily.
You hear an angry hiss.
A frilled lizard comes into view.
Things that are here:
a +0 club; a goblin corpse A rat comes into view.
A hobgoblin comes into view. It is wielding a +0 club.
The helpless rat fails to defend itself.
You scratch the rat.
You kill the rat!
The frilled lizard bites you.
You barely miss the frilled lizard. The frilled lizard bites you.
You scratch the frilled lizard but do no damage.
The frilled lizard barely misses you.
You barely miss the hobgoblin.
The hobgoblin hits you but does no damage.
The frilled lizard bites you.
You completely miss the hobgoblin. The frilled lizard bites you.
The hobgoblin barely misses you.
You barely miss the hobgoblin. The frilled lizard closely misses you.
You scratch the hobgoblin. The hobgoblin hits you with a +0 club.
The frilled lizard misses you.
You scratch the hobgoblin but do no damage.
The hobgoblin hits you with a +0 club.
* * * LOW HITPOINT WARNING * * *
The frilled lizard bites you but does no damage.
You see here a rat corpse.
Aim: a hobgoblin, wielding a +0 club (lightly wounded)
The blast of sand hits the hobgoblin.
b - 48 stones The hobgoblin hits you with a +0 club.
* * * LOW HITPOINT WARNING * * *
Aim: a hobgoblin, wielding a +0 club (severely wounded)
The blast of sand hits the hobgoblin.
You kill the hobgoblin!
b - 47 stones
Aim: a frilled lizard The blast of sand hits the frilled lizard.
You kill the frilled lizard!
b - 46 stones You barely miss the frilled lizard.
The frilled lizard closely misses you.
Okay, then.
You closely miss the frilled lizard. The frilled lizard barely misses you.
You closely miss the frilled lizard. The frilled lizard misses you.
You scratch the frilled lizard. The frilled lizard bites you.
You die...

.... # #.......#...
.... #.#### #.......#
#. .....
#....#+#.......# .
....## #...........#
......####...........#
#...)......#######
#..##......#
#.†##.##.#....
#..l@.##.#####
#.###.!..# #. #.####
## #.# #.# .# .. ##


You could see a frilled lizard.

Vanquished Creatures
  A ball python (D:1)
  A goblin (D:1)
  3 hobgoblins (D:1)
  3 bats (D:1)
  A frilled lizard (D:1)
  A kobold (D:1)
  3 rats (D:1)
13 creatures vanquished.

Notes
Turn   | Place    | Note
-------+----------+-------------------------------------------
     0 | D:1      | MalarOregon the Ghoul Earth Elementalist began the quest
                  | for the Orb.
     0 | D:1      | Reached XP level 1. HP: 14/14 MP: 2/2
   187 | D:1      | Reached XP level 2. HP: 17/22 MP: 3/3
   277 | D:1      | HP: 1/22 [hobgoblin/+0 club (6)]
   283 | D:1      | Slain by a frilled lizard

Action                   || total
-------------------------++-------
Melee: Unarmed           ||    47
 Cast: Sandblast         ||     7
 Stab: Sleeping          ||     2
  Eat: Chunk             ||     4
Armor: Robe              ||    13
Dodge: Dodged            ||    38
